 Dungeon Crawl Stone Soup version 0.21-a0-633-g4c047d5 (webtiles) character file.

3070 Brandom the Arsonist (level 9, -13/79 HPs)
             Began as a Purple Draconian Fire Elementalist on Dec 28, 2017.
             Was a Follower of Yredelemnul.
             Mangled by an orc warrior
             ... wielding a +0 halberd
              (15 damage)
             ... on level 7 of the Dungeon.
             The game lasted 00:44:31 (11560 turns).

Brandom the Arsonist (DrFE)                        Turns: 11560, Time: 00:44:32

Health: -13/79     AC:  9    Str: 14    XL:     9   Next: 58%
Magic:  12/16      EV: 15    Int: 26    God:    Yredelemnul [*.....]
Gold:   131        SH:  0    Dex: 11    Spells: 8/18 levels left

rFire    . . .     SeeInvis .   b - +1 scimitar (flame)
rCold    x . .     Gourm    .   (no shield)
rNeg     + . .     Faith    .   (armour unavailable)
rPois    .         Spirit   .   (helmet restricted)
rElec    .         Reflect  .   (no cloak)
rCorr    .         Harm     .   v - +0 pair of gloves
MR       +....                  t - +0 pair of boots
Stlth    ++........             (no amulet)
HPRegen  0.23/turn              E - +2 ring of evasion
MPRegen  0.15/turn              x - ring of Xom's Absentmindedness {rC- rN+ Str+4 Int+6}

@: starving
A: breathe power, unfitting armour, cold-blooded, AC +7
a: Breathe Dispelling Energy, Animate Remains, Renounce Religion


You were on level 7 of the Dungeon.
You worshipped Yredelemnul.
Yredelemnul was aware of your devotion.
You were starving.

You visited 1 branch of the dungeon, and saw 8 of its levels.

You collected 368 gold pieces.
You spent 237 gold pieces at shops.

Inventory:

Hand Weapons
 b - a +1 scimitar of flaming (weapon)
 j - a +1 hand axe
 s - a +1 hand axe of chopping
Armour
 t - a +0 pair of boots (worn)
 v - a +0 pair of gloves (worn)
 C - a +0 buckler
Jewellery
 m - a +1 ring of slaying
 x - the ring of Xom's Absentmindedness (right hand) {rC- rN+ Str+4 Int+6}
   (You found it on level 5 of the Dungeon)

   [ring of positive energy]

   It affects your strength (+4).
   It affects your intelligence (+6).
   It makes you vulnerable to cold.
   It protects you from negative energy.
 E - a +2 ring of evasion (left hand)
Wands
 y - a wand of disintegration (13)
 F - a wand of scattershot (2)
Scrolls
 d - a scroll of amnesia {unknown}
 e - 3 scrolls of enchant armour
 f - a scroll of random uselessness {unknown}
 g - 6 scrolls of remove curse
 h - a scroll of torment {unknown}
 i - 4 scrolls of teleportation
 l - a scroll of enchant weapon
 n - a scroll of noise {unknown}
 o - a scroll of fog
 p - 4 scrolls of blinking
 u - a scroll of fear
 B - a scroll of magic mapping
 G - a scroll of identify
Potions
 c - a potion of agility
 k - 3 potions of heal wounds
 q - a potion of cancellation
 r - 4 potions of curing
 w - 3 potions of lignification
 z - a potion of ambrosia
 A - 2 potions of mutation
 D - 2 potions of brilliance
Books
 a - a book of Flames

   Spells                             Type                      Level
   a - Flame Tongue                   Conjuration/Fire             1
   b - Throw Flame                    Conjuration/Fire             2
   c - Conjure Flame                  Conjuration/Fire             3
   d - Inner Flame                    Hexes/Fire                   3
   e - Sticky Flame                   Conjuration/Fire             4
   f - Fireball                       Conjuration/Fire             5


   Skills:
 - Level 7.0 Fighting
 - Level 3.0 Dodging
 - Level 1.7 Stealth
 - Level 5.2 Spellcasting
 + Level 7.5 Conjurations
 + Level 8.1 Fire Magic


You had 8 spell levels left.
You knew the following spells:

 Your Spells              Type           Power        Failure   Level  Hunger
a - Flame Tongue          Conj/Fire      #####        1%          1    None
b - Throw Flame           Conj/Fire      #####.       1%          2    None
c - Conjure Flame         Conj/Fire      #####...     1%          3    #......
d - Sticky Flame          Conj/Fire      #####...     3%          4    ###....


Dungeon Overview and Level Annotations

Branches:
Dungeon (8/15)             Temple (0/1) D:7
   Lair: D:8-11

Altars:
Fedhas
Kikubaaqudgha
Okawaru
Sif Muna
Trog
Wu Jian
Xom
Yredelemnul

Shops:
D:5 ?   D:6 (!

Annotations:
D:3 Nattefrost's ghost, weakling MiMo


Innate Abilities, Weirdness & Mutations

You can breathe bolts of dispelling energy.
Your rich purple scales are hard. (AC +7)
You cannot fit into any form of body armour.
You are cold-blooded and may be slowed by cold attacks.


Message History

Yredelemnul accepts your kill.
The burst of metal fragments hits the orc warrior. x3
The orc warrior closely misses you.
Your orc wizard zombie hits the orc warrior but does no damage.
* * * LOW HITPOINT WARNING * * *
You feel sick.
You are no longer poisoned.
Evoke which item? (* to show all) (? for menu, Esc to quit)
Aiming: Disintegrate
Press: ? - help, Shift-Dir - straight line, f - orc warrior
Aim: an orc warrior, wielding a halberd and wearing a plate armour (chance to defeat MR: 65%)
The orc warrior is blasted.
Evoke which item? (* to show all) (? for menu, Esc to quit)
Aiming: Disintegrate
Press: ? - help, Shift-Dir - straight line, f/p - orc warrior
Aim: an orc warrior, wielding a halberd and wearing a plate armour (heavily wounded, chance to defeat MR: 65%)
The orc warrior struggles to resist.
The orc warrior hits you from afar with a halberd!
You die...
Your body rises from the dead as a mindless zombie.

#.#########.# #.# #.# #.#
#######.# #.#### #.#
####.......# #....#
#.###.......⌠... ####.#
#.##...#........ #.#
#.........⌠.>.⌠. #.#
####...#........
####.#########........⌠...
##........@.oZ†.>##...##...
######.....##########.##########
#.......#### #.# #.#.##..### #.#
#.........# #.### #.###.###.#
#...# #.# #.# #.# ###.#
#.###'###.# #.# #...'_###.##
##.########


You could see an orc warrior and a friendly orc wizard zombie.

Vanquished Creatures
  Erica (D:8)
  Prince Ribbit (D:6)
  Sigmund (D:5)
  A water moccasin (D:5)
  A sky beast (D:7)
  2 centaurs
  2 phantoms (D:7)
  3 ogres
  A necrophage (D:7)
  A bullfrog (D:8)
  A scorpion (D:4)
  A wyvern skeleton (D:4)
  2 killer bees (D:7)
  2 howler monkeys (D:6)
  A centaur zombie (D:7)
  2 jellies
  2 bullfrog skeletons
  2 orc priests
  2 iguanas
  Ijyb (D:3)
  Terence (D:3)
  4 orc wizards
  6 worker ants
  5 adders
  2 oozes
  An adder zombie (D:5)
  4 worms
  3 dart slugs
  4 leopard geckos
  30 orcs
  3 ball pythons
  6 bats
  6 giant cockroaches
  4 goblins
  7 hobgoblins
  20 jackals
  2 quokkas
  3 frilled lizards
  2 jackal skeletons
  5 kobolds
  2 quokka skeletons
  8 rats
158 creatures vanquished.

Vanquished Creatures (collateral kills)
  A scorpion (D:6)
  A crimson imp (D:6)
  An orc priest (D:6)
  A jelly (D:5)
  An adder (D:6)
  An orc (D:6)
6 creatures vanquished.

Vanquished Creatures (others)
  An adder zombie (D:6)
1 creature vanquished.

Grand Total: 165 creatures vanquished

Notes
Turn   | Place    | Note
-------+----------+-------------------------------------------
     0 | D:1      | Brandom the Draconian Fire Elementalist began the quest for the Orb.
     0 | D:1      | Reached XP level 1. HP: 14/14 MP: 3/3
   505 | D:1      | Reached XP level 2. HP: 13/22 MP: 5/5
   672 | D:1      | Learned a level 2 spell: Throw Flame
   948 | D:1      | Reached skill level 1 in Fighting
  1704 | D:2      | Reached XP level 3. HP: 28/28 MP: 1/6
  2651 | D:2      | Reached XP level 4. HP: 36/36 MP: 0/7
  3055 | D:3      | Noticed Nattefrost's ghost (weakling MiMo)
  3723 | D:3      | Noticed Ijyb
  4244 | D:3      | Learned a level 3 spell: Conjure Flame
  5304 | D:3      | Noticed Terence
  5327 | D:3      | Killed Terence
  5327 | D:3      | Reached XP level 5. HP: 27/42 MP: 0/9
  5336 | D:3      | Learned a level 4 spell: Sticky Flame
  5533 | D:3      | Killed Ijyb
  5533 | D:3      | Reached skill level 4 in Fire Magic
  6125 | D:4      | Found an ornate altar of the Wu Jian Council.
  6127 | D:4      | Found a basalt altar of Yredelemnul.
  6135 | D:4      | Became a worshipper of Yredelemnul the Dark
  6175 | D:4      | Reached XP level 6. HP: 51/51 MP: 1/11
  6659 | D:4      | Found a blossoming altar of Fedhas.
  6666 | D:4      | Found a shimmering altar of Xom.
  7146 | D:4      | Your scales start taking on a rich purple colour.
  7146 | D:4      | Reached XP level 7. HP: 58/58 MP: 0/14
  7378 | D:5      | Entered Level 5 of the Dungeon
  7439 | D:5      | Reached * piety under Yredelemnul
  7501 | D:5      | Reached skill level 5 in Fire Magic
  7611 | D:5      | Got a coiled marble ring
  7612 | D:5      | Identified the ring of Xom's Absentmindedness {rC- rN+ Str+4 Int+6} (You found it on level 5 of the Dungeon)
  7620 | D:5      | Noticed Sigmund
  7625 | D:5      | Killed Sigmund
  7743 | D:5      | Reached skill level 5 in Fighting
  7743 | D:5      | Reached XP level 8. HP: 68/68 MP: 1/15
  7844 | D:5      | Found Buehukk's Magic Scroll Boutique.
  7852 | D:5      | Bought a scroll of magic mapping for 49 gold pieces
  7852 | D:5      | Bought a scroll of identify for 28 gold pieces
  7852 | D:5      | Bought a scroll of blinking for 105 gold pieces
  8204 | D:6      | Found an iron altar of Okawaru.
  8297 | D:6      | Noticed Prince Ribbit
  8303 | D:6      | Reached skill level 5 in Conjurations
  8304 | D:6      | Killed Prince Ribbit
  8304 | D:6      | Reached skill level 5 in Spellcasting
  8304 | D:6      | Reached skill level 6 in Fire Magic
  8447 | D:6      | Found Eneamoha's Distillery.
  8455 | D:6      | Bought a potion of heal wounds for 55 gold pieces
  8704 | D:6      | Found a bloodstained altar of Trog.
  8785 | D:6      | Found Uclat's Antique Weapon Shop.
  8989 | D:6      | Found a deep blue altar of Sif Muna.
  9912 | D:7      | Found a staircase to the Ecumenical Temple.
 10082 | D:7      | Reached skill level 7 in Fire Magic
 10212 | D:7      | Found an ancient bone altar of Kikubaaqudgha.
 10333 | D:7      | Reached XP level 9. HP: 54/74 MP: 7/16
 10486 | D:8      | Noticed Erica
 10931 | D:8      | Killed Erica
 11340 | D:7      | Reached skill level 8 in Fire Magic
 11552 | D:7      | HP: 2/79 [orc warrior/halberd (15)]
 11557 | D:7      | HP: 1/79 [poisoned by a killer bee]
 11560 | D:7      | Mangled by an orc warrior

Vault maps used:
D:1:      lightli_arrival_windingriver
D:3:      first_ration, uniq_ijyb, uniq_terence
D:4:      old_standard_altar, minitemple, fedhas_altar_3
D:5:      serial_shops, nicolae_shop_stone, minmay_door_square, uniq_sigmund
D:6:      okawaru_gym_becter, basic_altar, serial_shops, shop, shop,
          kennysheep_path_1, led_sif_book, uniq_prince_ribbit1
D:7:      lemuel_doored_altar, temple_fountains, solitary_fountain
D:8:      nicolae_qazlal_eye_of_the_storm, uniq_maurice, uniq_erica

Skill      XL: |  1  2  3  4  5  6  7  8  9 |
---------------+----------------------------+-----
Dodging        | 2 3 |  3.0
Fighting       | 1 2 3 5 7 |  7.0
Conjurations   | 2 3 4 6 7 |  7.5
Spellcasting   | 3 4 5 |  5.2
Fire Magic     | 4 5 7 8 |  8.1
Stealth        | |  1.7

Action                   |  1- 3 |  4- 6 |  7- 9 || total
-------------------------+-------+-------+-------++-------
Melee: Unarmed           |    59 |       |       ||    59
       Tailslap          |    11 |    16 |     8 ||    35
       Hand axe          |    60 |   116 |    47 ||   223
       Scimitar          |       |       |    24 ||    24
 Cast: Throw Flame       |    34 |   103 |   109 ||   246
       Flame Tongue      |       |    17 |    12 ||    29
       Sticky Flame      |       |       |    14 ||    14
Invok: Animate Remains   |       |       |     6 ||     6
 Abil: Breathe Dispellin |       |       |    10 ||    10
Evoke: Wand              |       |       |     3 ||     3
  Use: Scroll            |     2 |     2 |     9 ||    13
       Potion            |       |     1 |       ||     1
 Stab: Sleeping          |     1 |       |       ||     1
       Distracted        |       |       |     1 ||     1
  Eat: Chunk             |     8 |    15 |     4 ||    27
       Ration            |       |     1 |     4 ||     5
Armor: Skin              |    51 |    56 |    51 ||   158
Dodge: Dodged            |    84 |   100 |    93 ||   277
       Rpst.: Scimitar   |       |       |    13 ||    13

Table legend:
 A = Spawn XP
 B = Non-spawn XP
 C = Spawn XP percentage of total XP
 D = Spawn monster count
 E = Non-spawn monster count
 F = Spawn count percentage of total count
 G = Total turns spent on level
                    A         B        C        D         E        F      G
               +---------+---------+-------+---------+---------+-------+---------
         Total |       0 |    4386 |   0.0 |       0 |     164 |   0.0 | 11560
               +---------+---------+-------+---------+---------+-------+---------
           D:1 |       0 |      32 |   0.0 |       0 |      19 |   0.0 |  1434
           D:2 |       0 |      72 |   0.0 |       0 |      24 |   0.0 |  2217
           D:3 |       0 |     219 |   0.0 |       0 |      42 |   0.0 |  2384
           D:4 |       0 |     498 |   0.0 |       0 |      26 |   0.0 |  1343
           D:5 |       0 |     635 |   0.0 |       0 |      12 |   0.0 |   826
           D:6 |       0 |     860 |   0.0 |       0 |      20 |   0.0 |  1286
           D:7 |       0 |     912 |   0.0 |       0 |      17 |   0.0 |  1998
           D:8 |       0 |    1158 |   0.0 |       0 |       4 |   0.0 |    72
               +---------+---------+-------+---------+---------+-------+---------
